 Dungeon Crawl Stone Soup version 0.20.0-15-g7f486f2 (webtiles) character file.

448 Gargoyl the Chopper (level 6, -5/53 HPs)
             Began as a Draconian Abyssal Knight on June 20, 2017.
             Was a Believer of Lugonu.
             Slain by a bullfrog (7 damage)
             ... on level 4 of the Dungeon.
             The game lasted 00:07:19 (4797 turns).

Gargoyl the Chopper (Draconian Abyssal Knight)      Turns: 4797, Time: 00:07:20

Health: -5/53      AC:  6    Str: 14      XL:     6   Next: 73%
Magic:  7/7        EV: 13    Int: 10 (12) God:    Lugonu [**....]
Gold:   166        SH:  0    Dex: 12 (13) Spells: 5/5 levels left

rFire    . . .     SeeInvis .   a - +1 hand axe
rCold    . . .     Gourm    .   (no shield)
rNeg     . . .     Faith    .   (armour unavailable)
rPois    .         Spirit   .   (helmet restricted)
rElec    .         Reflect  .   (no cloak)
rCorr    .         Harm     .   (no gloves)
MR       .....                  (no boots)
Stlth    ++........             (no amulet)
Regen    0.2/turn               (no ring)
MPRegen  0.1/turn               (no ring)

@: no status effects
A: unfitting armour, cold-blooded, AC +6
a: Depart the Abyss, Bend Space, Renounce Religion


You were on level 4 of the Dungeon.
You worshipped Lugonu.
Lugonu was pleased with you.
You were not hungry.

You visited 1 branch of the dungeon, and saw 4 of its levels.
You visited the Abyss 1 time.

You collected 166 gold pieces.

Inventory:

Hand Weapons
 a - a +1 hand axe (weapon)
Wands
 i - a wand of random effects (21/48)
Scrolls
 e - 2 scrolls of teleportation
 g - a scroll of remove curse
 j - a scroll of amnesia
Comestibles
 b - 6 bread rations
 c - 4 fruits
 k - 2 meat rations


   Skills:
 + Level 4.6 Fighting
 + Level 5.3 Axes
 + Level 3.7 Dodging
 + Level 1.4 Stealth
 + Level 2.1 Invocations


You had 5 spell levels left.
You didn't know any spells.

Dungeon Overview and Level Annotations

Branches:
Dungeon (4/15)
 Temple: D:4-7

Altars:
Cheibriados
Gozag
Makhleb

Annotations:
D:4 Gargoyl's ghost, amateur DrAK


Innate Abilities, Weirdness & Mutations

Your plain brown scales are hard. (AC +6)
You cannot fit into any form of body armour.
You are cold-blooded and may be slowed by cold attacks.


Message History

* * * LOW HITPOINT WARNING * * *
You hit the bullfrog.
The bullfrog is severely wounded.
The bullfrog hits you!
* * * LOW HITPOINT WARNING * * *
You closely miss the bullfrog.
The bullfrog is severely wounded.
The bullfrog completely misses you. The bullfrog misses you.
A jackal comes into view.
The jackal barks!
You hit the bullfrog.
The bullfrog is severely wounded.
The bullfrog hits you.
* * * LOW HITPOINT WARNING * * *
You hit the bullfrog.
The bullfrog is almost dead.
The bullfrog hits you.
* * * LOW HITPOINT WARNING * * *
The bullfrog hits you!
You die...

..# ##.# # # #.#
#.# # #
#.##.#######.####
#.
#..(.....#.......
#.
####.###.#)#...#.
#.#####.#
#.....#...
###>#.......#
###.#.))#.
....?...#####
#.|..<..
.##.###@....#
#...####
.....##F###.#
#...# #.....#h#
#...#
........###.#
#...#
............#
#...####
.......##.###
#....... .......
.# #####...####
.##.##. .
............ #'
## ..............


You could see a bullfrog and a jackal.

Vanquished Creatures
  A phantom (D:4)
  2 hounds
  2 orc wizards
  2 orc priests (D:4)
  4 adders
  3 gnolls (D:4)
  4 oozes
  7 worms
  2 dart slugs
  3 leopard geckos
  6 orcs
  4 giant cockroaches
  4 goblins
  7 hobgoblins
  5 jackals
  2 quokkas
  4 ball pythons
  2 bats
  3 frilled lizards
  A jackal skeleton (D:4)
  9 kobolds
  9 rats
86 creatures vanquished.

Vanquished Creatures (others)
  6 starspawn tentacles (Abyss:1)
6 creatures vanquished.

Grand Total: 92 creatures vanquished

Notes
Turn   | Place    | Note
-------+----------+-------------------------------------------
     0 | Abyss:1  | Gargoyl the Draconian Abyssal Knight began the quest for the Orb.
     0 | Abyss:1  | Reached XP level 1. HP: 19/19 MP: 2/2
    38 | Abyss:1  | Noticed a tentacled starspawn
    79 | Abyss:1  | Noticed a tentacled starspawn
    97 | D:1      | Escaped the Abyss
   111 | D:1      | Noticed an electric eel
   365 | D:1      | Reached XP level 2. HP: 26/26 MP: 3/3
   406 | D:1      | Reached * piety under Lugonu
   984 | D:2      | Reached XP level 3. HP: 19/33 MP: 4/4
  1563 | D:2      | Reached XP level 4. HP: 22/40 MP: 5/5
  1808 | D:2      | Found a burning altar of Makhleb.
  1822 | D:2      | Reached skill level 3 in Axes
  1943 | D:2      | Reached ** piety under Lugonu
  1996 | D:2      | Found a snail-covered altar of Cheibriados.
  2152 | D:3      | Found an opulent altar of Gozag.
  2179 | D:3      | Reached skill level 1 in Stealth
  2179 | D:3      | Reached XP level 5. HP: 19/46 MP: 6/6
  3209 | D:4      | Reached skill level 4 in Axes
  3404 | D:4      | Noticed Gargoyl's ghost (amateur DrAK)
  3681 | D:4      | Reached XP level 6. HP: 23/53 MP: 7/7
  3931 | D:4      | HP: 2/53 [phantom (4)]
  3945 | D:4      | Reached skill level 5 in Axes
  4797 | D:4      | HP: 2/53 [bullfrog (3)]
  4797 | D:4      | Slain by a bullfrog

Skill      XL: |  1  2  3  4  5  6 |
---------------+-------------------+-----
Fighting       | 4 |  4.6
Axes           | 3 4 5 |  5.3
Dodging        | 3 |  3.7
Stealth        | 1 |  1.4
Invocations    | |  2.1

Action                   |  1- 3 |  4- 6 || total
-------------------------+-------+-------++-------
Melee: Hand axe          |   106 |   237 ||   343
       Tailslap          |    10 |    29 ||    39
Invok: Depart the Abyss  |     1 |       ||     1
  Use: Scroll            |     1 |     8 ||     9
       Potion            |       |     6 ||     6
 Stab: Sleeping          |       |     1 ||     1
  Eat: Chunk             |     1 |    12 ||    13
Armor: Skin              |    30 |    60 ||    90
Dodge: Dodged            |    81 |   163 ||   244
